 Dungeon Crawl Stone Soup version 0.26-a0-284-g73c0fb6 (webtiles) character file.

Game seed: 13862843457399621099

86 drazt1k the Magician (level 4, 0/32 HPs)
             Began as a Demonspawn Hedge Wizard on July 12, 2020.
             Killed by divine providence
             ... invoked by an orc priest
              (11 damage)
             ... on level 3 of the Dungeon on July 13, 2020.
             The game lasted 00:12:05 (2006 turns).

drazt1k the Magician (Demonspawn Hedge Wizard)      Turns: 2006, Time: 00:12:05

Health: 0/32       AC:  2    Str: 11    XL:     4   Next: 26%
Magic:  3/8        EV: 12    Int: 16    God:
Gold:   54         SH:  0    Dex: 12    Spells: 4/9 levels left

rFire    . . .     SeeInvis .     - Unarmed
rCold    . . .     Faith    +   (no shield)
rNeg     . . .     Spirit   .   b - +0 robe
rPois    .         Reflect  .   c - +0 hat
rElec    .         Harm     .   (no cloak)
rCorr    .                      (no gloves)
MR       .....                  (no boots)
Stlth    ++........             r - amulet of faith
HPRegen  0.10/turn              (no ring)
MPRegen  0.11/turn              (no ring)

@: very slightly contaminated
A: claws 1
a: no special abilities


You were on level 3 of the Dungeon.
You visited 1 branch of the dungeon, and saw 3 of its levels.

You collected 54 gold pieces.

Inventory:

Missiles
 d - 18 arrows
 g - 128 stones
 h - 3 boomerangs (quivered)
 i - 6 poisoned darts
Armour
 b - a +0 robe (worn)
 c - a +0 hat (worn)
Jewellery
 q - an uncursed ring of ice
 r - an amulet of faith (around neck)
Wands
 j - a wand of random effects (20)
Scrolls
 a - a scroll of remove curse
 e - a scroll of fog
Potions
 f - a potion of magic
 k - a potion of ambrosia
 l - a potion of degeneration
 n - a potion of curing
 p - a potion of might


   Skills:
 + Level 1.6 Fighting
 + Level 2.5 Dodging
 - Level 1.7 Stealth
 * Level 1.7 Unarmed Combat
 - Level 3.0 Spellcasting
 + Level 2.1 Conjurations
 - Level 1.0 Summonings
 - Level 0.8 Translocations


You had 4 spell levels left.
You knew the following spells:

 Your Spells              Type           Power        Failure   Level
a - Magic Dart            Conj           #...         8%          1
b - Call Imp              Summ           #.......     19%         2
c - Blink                 Tloc           N/A          21%         2

Your spell library contained the following spells:

 Spells                   Type           Power        Failure   Level
 Slow                     Hex            #.......     28%         2
 Conjure Flame            Conj/Fire      #.......     34%         3
 Mephitic Cloud           Conj/Pois/Air  #.......     38%         3


Dungeon Overview and Level Annotations

Branches:
Dungeon (3/15)

Altars:
Nemelex Xobeh

Annotations:
D:2 exclusion: downstairs


Innate Abilities, Weirdness & Mutations

You have sharp fingernails.


Message History

The magic dart hits the orc priest but does no damage.
Casting: Magic Dart (safe; 8% risk of failure)
Confirm with . or Enter, or press ? or * to list all spells.
Aiming: Magic Dart (safe; 8% risk of failure)
Press: ? - help, Shift-Dir - straight line, f/p - orc priest
Aim: an orc priest, wielding a +0 dagger and wearing a +0 leather armour The magic dart hits the orc priest.
The orc priest is lightly wounded.
The orc priest hits you but does no damage.
Casting: Magic Dart (safe; 8% risk of failure)
Confirm with . or Enter, or press ? or * to list all spells.
You miscast Call Imp.
You are very lightly contaminated with residual magic.
Nothing appears to happen.
The orc priest hits you with a +0 dagger.
You scratch the orc priest but do no damage.
The orc priest is lightly wounded.
The orc priest invokes the aid of Beogh against you.
Beogh smites you!
You die...

########.(# # #.#
#....##..#..#. #.#
#....##..#..#.##.#
#....##..#..#.##.##
##....##..#........
#............#..#.##########
#.......#.#####.#..........#
#.......#..................#
'...)..........o@..........#
#...........###.#..........#
#...........# #.#..........#
###.........# #.#..........#
# #.........# #.#######.####
#.........# #.# #.#
#.........# #.#######.#
#############.#.......#
#............#.#######


You could see an orc priest.

Vanquished Creatures
  An orc priest (D:3)
  4 adders
  2 leopard geckos
  An orc (D:3)
  A bat (D:2)
  A giant cockroach (D:2)
  4 goblins
  4 hobgoblins
  7 frilled lizards
  4 kobolds
  5 rats
34 creatures vanquished.

Vanquished Creatures (collateral kills)
  An orc (D:3)
1 creature vanquished.

Grand Total: 35 creatures vanquished

Notes
Turn   | Place    | Note
-------+----------+-------------------------------------------
     0 | D:1      | drazt1k the Demonspawn Hedge Wizard began the quest for the
                  | Orb.
     0 | D:1      | Reached XP level 1. HP: 13/13 MP: 4/4
   567 | D:1      | You fall into a shaft and drop 1 floor!
   568 | D:2      | Gained mutation: You have sharp fingernails. [demonic
                  | ancestry]
   568 | D:2      | Reached XP level 2. HP: 20/20 MP: 6/6
   584 | D:2      | Found a sparkling altar of Nemelex Xobeh.
   768 | D:2      | Learned a level 2 spell: Call Imp
   771 | D:2      | Learned a level 2 spell: Blink
   812 | D:2      | Reached skill level 1 in Fighting
  1105 | D:2      | Reached skill level 1 in Unarmed Combat
  1105 | D:2      | Reached XP level 3. HP: 26/26 MP: 4/7
  1894 | D:3      | Reached XP level 4. HP: 3/32 MP: 3/8
  2006 | D:3      | Killed from afar by an orc priest

Illustrated notes

Levels and vault maps discovered:
D:1:      dpeg_arrival_three_smaller_balls, layout_loops_ring
D:2:      layout_basic, nemelex_xobeh_ov_fountains_minmay
D:3:      layout_basic, cheibrodos_ashenzari_chains, biasface_ghost_orc_armoury,
          cheibrodos_sewer_entry_bend

Skill      XL: |  1  2  3 |
---------------+----------+-----
Dodging        | 2 |  2.5
Fighting       | 1 |  1.6
Unarmed Combat | 1 |  1.7
Conjurations   | 2 |  2.1
Stealth        | |  1.7
Spellcasting   | |  3.0
Summonings     | |  1.0
Translocations | |  0.8

Action                   |  1- 3 |  4- 6 || total
-------------------------+-------+-------++-------
Melee: Dagger            |     3 |       ||     3
       Unarmed           |    33 |     1 ||    34
Throw: Boomerang         |    14 |     1 ||    15
 Cast: Magic Dart        |    62 |     7 ||    69
       Call Imp          |     2 |     1 ||     3
  Use: Scroll            |     8 |     2 ||    10
       Potion            |       |     1 ||     1
Armor: Robe              |     9 |     1 ||    10
Dodge: Dodged            |    42 |     3 ||    45

Table legend:
 A = Non-vault XP
 B = Vault XP
 C = Vault XP percentage of total XP
 D = Non-vault monster count
 E = Vault monster count
 F = Vault count percentage of total count
                 A         B        C        D         E       F
            +---------+---------+-------+---------+---------+-------
      Total |     123 |       0 |   0.0 |      35 |       0 |   0.0
            +---------+---------+-------+---------+---------+-------
        D:1 |      10 |       0 |   0.0 |       7 |       0 |   0.0
        D:2 |      63 |       0 |   0.0 |      20 |       0 |   0.0
        D:3 |      50 |       0 |   0.0 |       8 |       0 |   0.0
            +---------+---------+-------+---------+---------+-------
